 Dungeon Sprint DCSS version 0.21-a0-227-g58a7c62 (webtiles) character file.

2403 Kidiri the Thaumaturge (level 9, -7/53 (54) HPs)
             Began as a Deep Elf Fire Elementalist on Aug 30, 2017.
             Was a Priest of Vehumet.
             Mangled by a two-headed ogre
             ... wielding a +0 giant spiked club
              (29 damage)
             ... in the Dungeon (Sprint III: "The Ten Rune Challenge").
             The game lasted 00:06:09 (1079 turns).

Kidiri the Thaumaturge (Deep Elf Fire Elementalist) Turns: 1079, Time: 00:06:10

HP:   -7/53 (54)    AC:  2    Str:  5    XL:     9   Next: 23%
MP:   13/29         EV: 17    Int: 22    God:    Vehumet [***...]
Gold: 28            SH:  0    Dex: 15    Spells: 13/37 levels left

rFire    . . .     SeeInvis .   k - +0 dagger
rCold    . . .     Gourm    .   (no shield)
rNeg     . . .     Faith    .   a - +0 robe
rPois    .         Spirit   .   (no helmet)
rElec    .         Reflect  .   (no cloak)
rCorr    .         Harm     .   (no gloves)
MR       .....     Clarity  +   (no boots) Stlth ++........NoTele +
                                (no amulet)
HPRegen  0.17/turn              (no ring)
MPRegen  0.21/turn              (no ring)

@: no status effects
A: fangs 1, clarity, dopey 1, wild magic 1
a: Renounce Religion


You were in the Dungeon.
You worshipped Vehumet.
Vehumet was most pleased with you.
You were not hungry.

You visited 1 branch You collected 28 gold pieces.

Inventory:

Hand Weapons
 k - a +0 dagger (weapon)
Armour
 a - a +0 robe (worn)
Wands
 u - a wand of iceblast (7/15)
Scrolls
 i - 2 scrolls of blinking
 l - a scroll of immolation
 p - a scroll of enchant weapon {unknown}
 q - 2 scrolls of remove curse
Potions
 b - a potion of might
 d - 2 potions of curing
 e - a potion of heal wounds
 f - a potion of haste
 g - 2 potions of magic
 h - 2 potions of berserk rage
 o - 2 potions of brilliance
 r - 2 potions of flight
Comestibles
 c - a bread ration
 j - 17 chunks of flesh
 m - a royal jelly
 n - 2 meat rations


   Skills:
 + Level 5.3 Fighting
 + Level 6.4 Short Blades
 + Level 5.2 Armour
 + Level 8.3 Dodging
 - Level 2.4 Stealth
 * Level 14.6 Spellcasting
 + Level 9.1 Conjurations
 + Level 9.6 Fire Magic
 + Level 3.8 Ice Magic


You had 13 spell levels left.
You knew the following spells:

 Your Spells              Type           Power        Failure   Level  Hunger
a - Flame Tongue          Conj/Fire      #####        1%          1    None
b - Throw Flame           Conj/Fire      ######       1%          2    None
c - Conjure Flame         Conj/Fire      ######..     1%          3    None
d - Inner Flame           Hex/Fire       #####...     1%          3    None
e - Sticky Flame          Conj/Fire      ######..     1%          4    None
f - Fireball              Conj/Fire      ######....   1%          5    ###....
g - Throw Frost           Conj/Ice       ######       1%          2    None
h - Airstrike             Air            ###.......   13%         4    None


Dungeon Overview and Level Annotations

Branches:
Dungeon (1/1)

Altars:
Cheibriados
Dithmenos
Elyvilon
Fedhas
Gozag
Hepliaklqana
Kikubaaqudgha
Makhleb
Nemelex Xobeh
Okawaru
Qazlal
Ru
Sif Muna
Trog
Uskayaw
Vehumet
Wu Jian
Xom
Yredelemnul
Zin
The Shining One
Beogh
Jiyva
Lugonu


Innate Abilities, Weirdness & Mutations

You have very sharp teeth.
You possess an exceptional clarity of mind.
You are dopey. (Int -2)
Your spells are a little harder to cast, but a little more powerful.


Message History

You finish memorising.
Spell assigned to 'h'.
Casting: Flame Tongue
Confirm with . or Enter, or press ? or * to list all spells.
Aiming: Conjure Flame
Press: ? - help, Dir - move target cursor The fire ignites!
Casting: Conjure Flame
Confirm with . or Enter, or press ? or * to list all spells.
Aiming: Sticky Flame
Press: ? - help, Shift-Dir - straight line, f - two-headed ogre
Aim: a two-headed ogre, wielding a giant spiked club and a giant club (flame)
The sticky flame hits the two-headed ogre.
The two-headed ogre is moderately wounded.
The two-headed ogre is covered in liquid flames!
The two-headed ogre burns!
The two-headed ogre is engulfed in blazing flames.
The two-headed ogre misses you.
The two-headed ogre hits you with a giant club!!
Ouch! That really hurt!
You die...

..#__.#%_# #+#+###÷##
.........# ⌠........#
..######'#
⌠.#__#...#+##############
..#__#...#....#.#.#)....#
###__#...##.#).#.##.###)#
÷[#__#...'##.#)#@##.#..##
__#__+...#...#..#O.##..
▓▓▓▓▓▓▓▓▓▓▓▓▓▓▓▓▓▓▓▓▓▓▓


You could see a two-headed ogre (burning).

Vanquished Creatures
  Erolcha (D)
  A deep elf mage (D)
  A shadow (D)
  A spatial vortex (D)
  A necrophage (D)
  4 two-headed ogres (D)
  A water elemental (D)
  A jelly (D)
  A wizard (D)
  A necromancer (D)
  3 humans (D)
  A kobold demonologist (D)
  2 oozes (D)
  A phantom (D)
  2 rats (D)
22 creatures vanquished.

Vanquished Creatures (others)
  2 draconian scorchers (D)
  A yaktaur (D)
  6 hellions (D)
9 creatures vanquished.

Grand Total: 31 creatures vanquished

Notes
Turn   | Place    | Note
-------+----------+-------------------------------------------
     0 | D        | Kidiri the Deep Elf Fire Elementalist began the quest for the Orb.
     0 | D        | Reached XP level 1. HP: 10/10 MP: 6/6
     5 | D        | Reached skill level 4 in Spellcasting
    48 | D        | Reached XP level 2. HP: 9/15 MP: 2/9
    52 | D        | Learned a level 2 spell: Throw Flame
   104 | D        | Killed a hellion
   108 | D        | Killed a yaktaur
   112 | D        | Killed a hellion
   113 | D        | Killed a hellion
   114 | D        | Killed a hellion
   124 | D        | Killed a hellion
   148 | D        | Killed a white draconian scorcher
   157 | D        | Killed a white draconian scorcher
   169 | D        | Reached skill level 5 in Spellcasting
   188 | D        | Killed a hellion
   276 | D        | Gained mutation: You are weak. (Str -2) [potion of mutation]
   276 | D        | Gained mutation: You are surrounded by a mild repulsion field. (EV +2) [potion of mutation]
   276 | D        | Lost mutation: You are weak. (Str -2) [potion of mutation]
   277 | D        | Lost mutation: You are surrounded by a mild repulsion field. (EV +2) [potion of mutation]
   277 | D        | Gained mutation: You are dopey. (Int -2) [potion of mutation]
   277 | D        | Gained mutation: You possess an exceptional clarity of mind. [potion of mutation]
   278 | D        | Lost mutation: You are dopey. (Int -2) [potion of mutation]
   278 | D        | Lost mutation: You possess an exceptional clarity of mind. [potion of mutation]
   278 | D        | Gained mutation: Your spells are a little harder to cast, but a little more powerful. [potion of mutation]
   278 | D        | Gained mutation: You are dopey. (Int -2) [potion of mutation]
   278 | D        | Gained mutation: You possess an exceptional clarity of mind. [potion of mutation]
   278 | D        | Gained mutation: You have very sharp teeth. [potion of mutation]
   303 | D        | Reached skill level 6 in Spellcasting
   303 | D        | Reached XP level 3. HP: 19/19 MP: 4/12
   308 | D        | Learned a level 3 spell: Conjure Flame
   312 | D        | Learned a level 3 spell: Inner Flame
   356 | D        | Noticed a water elemental
   360 | D        | Killed a water elemental
   360 | D        | Reached skill level 8 in Spellcasting
   360 | D        | Reached skill level 5 in Fire Magic
   360 | D        | Reached XP level 4. HP: 24/24 MP: 7/16
   367 | D        | Learned a level 4 spell: Sticky Flame
   418 | D        | Found a radiant altar of Vehumet.
   419 | D        | Found a deep blue altar of Sif Muna.
   419 | D        | Found an ancient bone altar of Kikubaaqudgha.
   419 | D        | Noticed a wizard
   421 | D        | Killed a wizard
   421 | D        | Reached skill level 9 in Spellcasting
   421 | D        | Reached skill level 5 in Conjurations
   421 | D        | Reached XP level 5. HP: 17/28 MP: 8/19
   431 | D        | Learned a level 5 spell: Fireball
   446 | D        | Became a worshipper of Vehumet
   537 | D        | Found a glowing silver altar of Zin.
   538 | D        | Found a glowing golden altar of the Shining One.
   538 | D        | Found a white marble altar of Elyvilon.
   538 | D        | Noticed a deep elf mage
   549 | D        | Killed a deep elf mage
   549 | D        | Reached skill level 5 in Dodging
   549 | D        | Reached skill level 11 in Spellcasting
   549 | D        | Reached XP level 6. HP: 35/37 MP: 14/22
   549 | D        | Reached XP level 7. HP: 39/41 MP: 15/24
   595 | D        | Found an ornate altar of the Wu Jian Council.
   595 | D        | Found a roughly hewn altar of Beogh.
   595 | D        | Found an iron altar of Okawaru.
   595 | D        | Found a bloodstained altar of Trog.
   595 | D        | Found a hide-covered altar of Uskayaw.
   595 | D        | Noticed a human
   598 | D        | Noticed a human
   598 | D        | Killed a human
   598 | D        | Reached skill level 12 in Spellcasting
   602 | D        | Killed a human
   602 | D        | Reached * piety under Vehumet
   602 | D        | Offered knowledge of Freeze by Vehumet.
   690 | D        | Found a basalt altar of Yredelemnul.
   690 | D        | Found a shadowy altar of Dithmenos.
   690 | D        | Found a sacrificial altar of Ru.
   755 | D        | Reached ** piety under Vehumet
   758 | D        | Noticed a shadow
   761 | D        | Killed a shadow
   761 | D        | Reached skill level 5 in Short Blades
   761 | D        | Reached skill level 13 in Spellcasting
   761 | D        | Reached XP level 8. HP: 47/47 MP: 18/27
   806 | D        | Found a blossoming altar of Fedhas.
   806 | D        | Found a stormy altar of Qazlal.
   806 | D        | Found a snail-covered altar of Cheibriados.
   806 | D        | Found a burning altar of Makhleb.
   806 | D        | Found a shimmering altar of Xom.
   808 | D        | Found a hazy altar of Hepliaklqana.
   808 | D        | Found an opulent altar of Gozag.
   808 | D        | Found a sparkling altar of Nemelex Xobeh.
   808 | D        | Found a corrupted altar of Lugonu.
   808 | D        | Found a viscous altar of Jiyva.
   821 | D        | Offered knowledge of Throw Frost by Vehumet.
   827 | D        | Learned a level 2 spell: Throw Frost
   890 | D        | Offered knowledge of Searing Ray by Vehumet.
   890 | D        | Reached *** piety under Vehumet
   890 | D        | Reached skill level 1 in Ice Magic
   961 | D        | Noticed a two-headed ogre
   979 | D        | Killed a two-headed ogre
  1059 | D        | Noticed a two-headed ogre
  1059 | D        | Noticed Erolcha
  1065 | D        | Killed Erolcha
  1065 | D        | Offered knowledge of Airstrike by Vehumet.
  1065 | D        | Reached skill level 5 in Fighting
  1065 | D        | Reached skill level 5 in Armour
  1065 | D        | Reached skill level 14 in Spellcasting
  1065 | D        | Reached XP level 9. HP: 20/53 MP: 17/29
  1071 | D        | Learned a level 4 spell: Airstrike
  1079 | D        | Mangled by a two-headed ogre

Vault maps used:
D:        dungeon_sprint_mu

Skill      XL: |  1  2  3  4  5  6  7  8 |
---------------+-------------------------+-----
Spellcasting   | 4 6 8 9 11 13 14 | 14.6
Conjurations   | 2 3 4 5 7 8 9 |  9.1
Fire Magic     | 4 5 6 7 8 9 |  9.6
Fighting       | 3 4 5 |  5.3
Short Blades   | 3 5 6 |  6.4
Armour         | 3 4 5 |  5.2
Dodging        | 5 6 8 |  8.3
Ice Magic      | 3 |  3.8
Stealth        | |  2.4

Action                   |  1- 3 |  4- 6 |  7- 9 || total
-------------------------+-------+-------+-------++-------
 Cast: Flame Tongue      |    17 |     1 |    55 ||    73
       Throw Flame       |     3 |       |     1 ||     4
       Conjure Flame     |     1 |       |     5 ||     6
       Sticky Flame      |       |     3 |     5 ||     8
       Fireball          |       |       |     2 ||     2
       Inner Flame       |       |       |     2 ||     2
  Use: Potion            |     3 |       |       ||     3
       Scroll            |     2 |       |       ||     2
  Eat: Chunk             |       |       |     1 ||     1
Dodge: Dodged            |     3 |       |    12 ||    15

Table legend:
 A = Spawn XP
 B = Non-spawn XP
 C = Spawn XP percentage of total XP
 D = Spawn monster count
 E = Non-spawn monster count
 F = Spawn count percentage of total count
 G = Total turns spent on level
                    A         B        C        D         E        F      G
               +---------+---------+-------+---------+---------+-------+---------
         Total |       0 |    3433 |   0.0 |       0 |      22 |   0.0 |  1079
               +---------+---------+-------+---------+---------+-------+---------
             D |       0 |    3433 |   0.0 |       0 |      22 |   0.0 |  1079
               +---------+---------+-------+---------+---------+-------+---------
